 Dungeon Crawl Stone Soup version 0.13-a0-2474-g552a472 (webtiles) character file.

239 JogiH the Magician (level 3, -6/29 HPs)
             Began as a Djinni Wizard on July 18, 2013.
             Mangled by Terence
             ... wielding a -1,+0 orcish flail
              (9 damage)
             ... on Level 3 of the Dungeon.
             The game lasted 00:07:43 (3440 turns).

JogiH the Magician (Djinni Wizard)                  Turns: 3440, Time: 00:07:43

HP  -6/29        AC  3     Str  7      XL: 3   Next: 98%
MP   0/0         EV 12     Int 19      God:
Gold 172         SH  0     Dex 11      Spells:  5 memorised,  1 level left

Res.Fire  : + + +   See Invis. : .   g - +1,+3 dwarf hand axe
Res.Cold  : x . .   Warding    : .   a - +0 robe
Life Prot.: + + +   Conserve   : .   (no shield)
Res.Poison: .       Res.Corr.  : .   b - +0 wizard hat
Res.Elec. : .       Clarity    : .   o - +0 orc cloak
Sust.Abil.: . .     Spirit.Shd : .   (no gloves)
Res.Mut.  : .       Stasis     : .   (boots unavailable)
Res.Rott. : .       Flight     : .   (no amulet)
Saprovore : . . .                    (no ring)
                                     (no ring)

@: not resistant to hostile enchantments, unstealthy
A: no striking features
a: no special abilities


You were on level 3 of the Dungeon.
You were not hungry.

You visited 1 branch of the dungeon, and saw 3 of its levels.

You collected 152 gold pieces.

Inventory:

Hand weapons
 g - a +1,+3 dwarven hand axe (weapon)
 k - a cursed -4,-1 orcish dagger (quivered)
Armour
 a - a +0 robe (worn)
 b - a +0 wizard hat (worn)
 d - a +0 buckler
 o - a +0 orcish cloak (worn)
Scrolls
 e - a scroll of blinking {unknown}
 i - 6 scrolls of identify {unknown}
 l - a scroll of remove curse {unknown}
Potions
 f - a potion of speed {unknown}
 h - a potion of confusion {unknown}
 j - a potion of restore abilities {unknown}
 m - a potion of slowing {unknown}
 n - 3 potions of curing {unknown}
Books
 c - a book of Minor Magic

   Spells                             Type                      Level
   *Magic Dart                        Conjuration                  1
   *Blink                             Translocation                2
   *Call Imp                          Summoning                    2
   Repel Missiles                     Charms/Air                   2
   Slow                               Hexes                        2
   *Conjure Flame                     Conjuration/Fire             3
   *Mephitic Cloud                    Conjuration/Poison/Air       3


   Skills:
 - Level 1.7 Dodging
 - Level 1.5 Stealth
 + Level 5.0 Spellcasting
 * Level 2.5 Conjurations
 + Level 1.0 Summonings
 + Level 1.0 Translocations


You had one spell level left.
You knew the following spells:

 Your Spells              Type           Power        Failure   Level  Hunger
a - Magic Dart            Conj           ##..         6%          1    None
b - Blink                 Tloc           N/A          14%         2    None
c - Call Imp              Summ           #.........   14%         2    None
d - Conjure Flame         Conj/Fire      #.......     21%         3    ###....
e - Mephitic Cloud        Conj/Pois/Air  #.......     28%         3    ###....


Dungeon Overview and Level Annotations

Branches:
Dungeon (3/27)

Altars:

Annotations
D:3 Terence


Message History

Terence is severely wounded.
Terence barely misses you.
You hit Terence but do no damage.
Terence is severely wounded.
Terence hits you with an orcish flail.
You hit Terence but do no damage.
Terence is severely wounded.
Terence misses you.
You hit Terence.
Terence is almost dead.
Terence barely misses you.
You barely miss Terence.
Terence is almost dead.
Terence closely misses you.
You hit Terence but do no damage.
Terence is almost dead.
Terence hits you with an orcish flail!
* * * LOW HITPOINT WARNING * * *
Terence hits you with an orcish flail!
You die...

#......#
#......#
#......#
#......#
#......#########
#..><..'........
#....).#########
###'#### #@#
#@.# ##.# .# .#
.# .# .# .


You could see Terence.

Vanquished Creatures
  5 ball pythons
  7 bats
  3 giant cockroaches
  7 hobgoblins
  4 jackals
  5 kobolds
  A quokka (D:2)
  A giant gecko (D:1)
  2 giant newts
  4 goblins
  8 rats
47 creatures vanquished.

Vanquished Creatures (collateral kills)
  2 adders (D:2)
  An inept feature mimic (D:2)
  A jackal (D:1)
  A quokka (D:2)
5 creatures vanquished.

Vanquished Creatures (others)
  An adder (D:2)
  A giant newt (D:2)
2 creatures vanquished.

Grand Total: 54 creatures vanquished

Notes
Turn   | Place    | Note
--------------------------------------------------------------
     0 | D:1      | JogiH, the Djinni Wizard, began the quest for the Orb.
     0 | D:1      | Reached XP level 1. HP: 14/14 MP: 0/0
   340 | D:1      | Reached skill level 4 in Spellcasting
   340 | D:1      | Reached XP level 2. EP: 12/23
   430 | D:1      | Learned a level 2 spell: Blink
   433 | D:1      | Learned a level 2 spell: Call Imp
  1493 | D:1      | Reached XP level 3. EP: 26/29
  1595 | D:1      | Learned a level 3 spell: Conjure Flame
  1600 | D:1      | Learned a level 3 spell: Mephitic Cloud
  2872 | D:2      | Reached skill level 5 in Spellcasting
  3427 | D:3      | Noticed Terence
  3440 | D:3      | Mangled by Terence

Action                   || total
-------------------------++-------
Melee: Unarmed           ||     2
       Hand axe          ||    15
 Cast: Magic Dart        ||   103
       Call Imp          ||     9
       Conjure Flame     ||     1
       Mephitic Cloud    ||     1
